AoeStats
← 文風

MegaRandom

506356476Analyzed
1v1 RM · 18d ago on Sep 13, 2026· 30m 45s· 2 players
Game mode
Random Map
Map size
Tiny (2 player)
Population
200
Speed
Normal
Resources
Standard
Victory
Conquest
Starting age
Dark Age
Ending age
Imperial Age
RankedLock teamsTeams togetherTeam positionsShared explorationLock speedFull tech treeHidden civsTurbo modeCheats
Victory
Defeat
🇭🇰 Spanish · Hong Kong SAR China
1419
+14
🇨🇴 Lithuanians · Colombia
1385
-14
ofespinelman
0:37 Loom
11:20 Feudal Age
16:05 Castle Age
14:55 Stone Mining
14:53 Double-Bit Axe
21:25 Hill Forts
24:22 Elite Skirmisher
26:50 Padded Archer Armor
28:10 Leather Archer Armor
27:45 Fletching
32:31 Imperial Age
31:02 Bodkin Arrow
文風
9:20 Feudal Age
9:56 Double-Bit Axe
12:38 Wheelbarrow
15:52 Castle Age
14:56 Stone Mining
14:59 Horse Collar
16:45 Bow Saw
30:15 Imperial Age
27:58 Gold Mining
28:08 Fletching
29:11 Bodkin Arrow
31:13 Bracer
Connection lost

Rejoining the realm…

Still unreachable

The connection could not be restored.

Session expired

The server has moved on; the page needs a fresh start.